← All builds
Suicide front / Armada / Factory first / OBSERVED BUILD

Standard suicide front

The role's default: factory first (mostly Bot Lab), pushing Rocketeer-led bot play into the middle to contest and hold the front, with an Advanced Metal Extractor around 9:36 as the natural transition.

Usually lab first (63%)

#raid #push · 1291 distinct matches · 127 players · 71% of Armada Suicide front games · team won 59% of 1529 · Recently observed

HOW TO PLAY IT

Key timing: Bot Lab by 0:20

  1. Open with mex and wind, drop Bot Lab immediately.
  2. Push out first "Centurion" as Pond's boost lands.
  3. Send "Rocketeer", "Centurion", "Pawn" mix to contest middle.
  4. Add Dragon's Teeth and Sentries to hold the line.
  5. Get Advanced Metal Extractor up as T2 nears.

Phase by phase

TYPICAL OF ITS 1291 GAMES
  1. 1
  2. 2
  3. 3
PLAY THE OPENING

Follow the example game's first 6:00 step by step: what to build now, what comes next, and where it goes. At 1× it keeps pace with your own game.

  1. 1

    Bot Lab first

    Order
    1. Bot LabBot Lab done ~0:20, middle half 0:20–0:33

    Some games also: mex (36%)

  2. 2

    Bot Lab to 5:00

    Economy
    • Metal Extractor5Mex
    • Wind Turbine4Wind
    Builders
    • Construction Bot3 Con bot
    • Lazarus2 Lazarus
    Army
    • Sentry4 Sentry
    • Rocketeer17 Rocketeer
    • Tick2 Tick
    • Centurion1 Centurion
    Other
    • Radar Tower1 Radar Tower

    Some games also: con turret (35%) · pawn (32%)

    By 5:00 in all: 5 mex · 4 wind

    The example game in this phase · 42 steps
    1. TickTick
    2. Mex
    3. TickTick
    4. Mex
    5. Construction BotCon bot
    6. Wind ×2
    7. SentrySentry
    8. Construction BotCon bot
    9. Mex
    10. CenturionCenturion
    11. Mex
    12. LazarusLazarus
    13. Construction BotCon bot
    14. RocketeerRocketeer
    15. SentrySentry
    16. RocketeerRocketeer ×3
    17. Mex
    18. RocketeerRocketeer
    19. Radar TowerRadar Tower
    20. RocketeerRocketeer
    21. SentrySentry
    22. RocketeerRocketeer ×2
    23. SentrySentry
    24. RocketeerRocketeer
    25. SentrySentry
    26. RocketeerRocketeer
    27. SentrySentry
    28. RocketeerRocketeer ×2
    29. Mex
    30. RocketeerRocketeer ×2
    31. BeamerBeamer
    32. RocketeerRocketeer ×2
    33. BeamerBeamer
    34. RocketeerRocketeer
    35. BeamerBeamer
    36. Wind
    37. RocketeerRocketeer
    38. Wind
    39. Solar
    40. Wind
    41. RocketeerRocketeer
    42. Wind
  3. 3

    5:00 to 10:00

    Economy
    • Metal Extractor1Mex
    • Wind Turbine17Wind
    Builders
    • Construction Turret2 Con turret
    • Lazarus2 Lazarus
    • Construction Bot1 Con bot
    Army
    • Sentry1 Sentry
    • Rocketeer8 Rocketeer
    • Pawn1 Pawn

    Some games also: tick (47%) · energy storage (46%) · Radar Tower (46%) · centurion (45%) · Beamer (39%)

    By 10:00 in all: 6 mex · 23 wind · 1 energy storage · 3 con turret

    The example game in this phase · 135 steps
    1. RocketeerRocketeer
    2. Wind
    3. RocketeerRocketeer
    4. Solar
    5. Con turret
    6. RocketeerRocketeer ×3
    7. PawnPawn ×5
    8. BeamerBeamer
    9. PawnPawn ×3
    10. BeamerBeamer
    11. PawnPawn
    12. Construction BotCon bot ×2
    13. GauntletGauntletdone 8:11
    14. PawnPawn ×6
    15. Wind
    16. PawnPawn
    17. Wind
    18. PawnPawn ×2
    19. Wind
    20. PawnPawn ×2
    21. Wind
    22. WardenWarden
    23. Dragon's TeethDragon's Teeth
    24. PawnPawn
    25. Dragon's TeethDragon's Teeth ×2
    26. Wind
    27. Dragon's TeethDragon's Teeth
    28. PawnPawn
    29. Dragon's TeethDragon's Teeth
    30. Con turret
    31. Dragon's TeethDragon's Teeth ×4
    32. PawnPawn
    33. Radar TowerRadar Tower
    34. Dragon's TeethDragon's Teeth ×3
    35. Wind
    36. PawnPawn
    37. Dragon's TeethDragon's Teeth ×2
    38. PawnPawn ×2
    39. Con turret
    40. Wind
    41. Energy storage
    42. Wind ×3
    43. BeamerBeamer
    44. Wind ×2
    45. Advanced Metal ExtractorT2 mexdone 10:01
    46. Wind ×3
    47. Twilight
    48. Wind ×2
    49. Converter ×2
    50. Wind
    51. Converter ×2
    52. Wind
    53. Advanced Metal ExtractorT2 mex
    54. Wind
    55. Converter ×2
    56. Wind ×2
    57. Advanced Metal ExtractorT2 mex
    58. Wind
    59. Con turret
    60. Wind
    61. Con turret ×2
    62. Wind
    63. Vehicle PlantVehicle Plantdone 11:33
    64. Wind
    65. Vehicle PlantVehicle Plantdone 11:41
    66. StoutStout
    67. BlitzBlitz ×2
    68. Con turret
    69. Wind
    70. BlitzBlitz
    71. Advanced Metal ExtractorT2 mex
    72. BlitzBlitz ×3
    73. Wind
    74. BlitzBlitz
    75. Wind
    76. BlitzBlitz ×4
    77. Wind
    78. BlitzBlitz ×2
    79. Wind
    80. BlitzBlitz ×2
    81. Wind
    82. BlitzBlitz ×2
    83. BlitzBlitz ×2for Beach sea
    84. Wind ×2
    85. BlitzBlitz
    86. BlitzBlitzfor Beach sea
    87. BlitzBlitz
    88. Wind
    89. BlitzBlitz ×3for Beach sea
    90. Wind ×2
    91. BlitzBlitz ×3for Beach sea
    92. Wind
    93. BlitzBlitz ×2for Beach sea
    94. Wind
    95. BlitzBlitz ×2for Beach sea
    96. BlitzBlitz ×2
    97. Wind
    98. BlitzBlitz ×2
    99. Wind
    100. Advanced Metal ExtractorT2 mex
    101. BlitzBlitz ×8
    102. Wind
    103. BlitzBlitz ×3
    104. Wind
    105. BlitzBlitz ×5
    106. Wind
    107. BlitzBlitz ×7
    108. Wind ×2
    109. BlitzBlitz ×2
    110. Fusion ReactorFusionnot finished by 15:00
    111. BlitzBlitz ×5
    112. Wind
    113. BlitzBlitz ×5
    114. Wind
    115. BlitzBlitz ×3
    116. Wind
    117. BlitzBlitz ×6
    118. Wind
    119. BlitzBlitz ×4
    120. Wind
    121. BlitzBlitz ×3
    122. Wind
    123. BlitzBlitz ×8
    124. Wind
    125. BlitzBlitz ×2
    126. Wind
    127. BlitzBlitz ×4
    128. Wind
    129. BlitzBlitz ×7
    130. Wind
    131. BlitzBlitz
    132. Wind
    133. BlitzBlitz ×3
    134. Wind
    135. BlitzBlitz

Counts are medians over the build's games: half of them build more, half fewer. The example game is PlatinumBlonde's (59 OS, 28/09/2026); pick another.

Team trades

IN AT LEAST 30% OF ITS GAMES

You hand over

Nothing regular.

You get

  • Tidal Generator4 Tidal from Pondfirst at 0:10 · in 69% of games
  • Advanced Construction Bot1 T2 con bot from Geo or Techfirst at 7:30 · in 59% of games

How it plays out

Typical game of this build, running totals by minute

Metal produced

010k20k30k
0:005:0010:0015:00

metal

Enemy metal destroyed

05k10k
0:005:0010:0015:00

metal

Own metal lost

05k10k
0:005:0010:0015:00

metal

1529 games.

Show as table
ByMetal produced: This buildEnemy metal destroyed: This buildOwn metal lost: This build
1:0022600
2:0088800
3:002051180106
4:003161658496
5:00424314131026
6:00543322981789
7:00667031752710
8:00792040313619
9:00931747964495
10:001069954265316
11:001226559036054
12:001411365126830
13:001622270137536
14:001810976968373
15:002046683299249
WHAT THE NUMBERS SAY

Standard suicide front play wins slightly more than half its games with fast kills but also fast losses, matching the raw grind of the role.

  • + First kill lands by 2:04 in all games
  • + Metal produced reaches 19882 by 15:00
  • − Own metal lost hits 9208 by 15:00, near metal destroyed of 8172
  • − First unit lost as early as 2:08 in every game
THE EXAMPLE YOU ARE READING

PlatinumBlonde

59.2 OS · 28/09/2026

Open source match ↗

5 received units · includes a constructor
161 metal received · 33344 energy received

Allied construction assistance is unknown. Timings are observations, not a promise of solo reproducibility.

Typical milestones

Bot Lab0:20Middle 50%: 0:20–0:33 · n=1522
Advanced Metal Extractor9:36Middle 50%: 8:41–10:48 · n=1128

Played most by

_X_253games of this buildPlatinumBlonde181games of this buildXad120games of this buildImmort73games of this buildwatermeloans60games of this build